 Dungeon Crawl Stone Soup version 0.28.0 (webtiles) character file.

Game seed: 10146679751714928015

51 Descartes the Grasshopper (level 4, -1/34 HPs)
             Began as a Formicid Warper on Feb 5, 2022.
             Was a Follower of Uskayaw.
             Slain by an adder (2 damage)
             ... on level 2 of the Dungeon.
             The game lasted 00:04:54 (2780 turns).

Descartes the Grasshopper (Formicid Warper)         Turns: 2780, Time: 00:04:54

Health: -1/34      AC:  4    Str: 17    XL:     4   Next: 7%
Magic:  7/7        EV: 11    Int: 13    God:    Uskayaw [*.....]
Gold:   81         SH:  0    Dex: 10    Spells: 7/7 levels left

rFire   . . .      SeeInvis +   a - +0 hand axe
rCold   . . .      Faith    .   (no shield)
rNeg    . . .      Spirit   .   b - +0 leather armour
rPois   .          Reflect  .   (helmet unavailable)
rElec   .          Harm     .   (no cloak)
rCorr   .          Rampage  .   (no gloves)
Will    .....                   o - +0 pair of boots
Stlth   +.........              (no amulet)
HPRegen 0.11/turn               (no ring)
MPRegen 0.10/turn               (no ring)

@: no status effects
A: permanent stasis, dig shafts and tunnels, antennae 3, four strong arms
a: Dig, Shaft Self, Renounce Religion, Stomp


You were on level 2 of the Dungeon.
You worshipped Uskayaw.
Uskayaw was noncommittal.
You visited 1 branch of the dungeon, and saw 2 of its levels.

You collected 81 gold pieces.

Inventory:

Hand Weapons
 a - a +0 hand axe (weapon)
Missiles
 c - 5 boomerangs of dispersal (quivered)
 i - 5 poisoned darts
 j - 15 stones
 k - 2 boomerangs
 m - 69 arrows
 p - 6 curare-tipped darts
Armour
 b - a +0 leather armour (worn)
 o - a +0 pair of boots (worn)
Scrolls
 d - a scroll of amnesia {unknown}
 e - a scroll of identify {unknown}
 f - a scroll of magic mapping {unknown}
 g - 3 scrolls of enchant armour {unknown}
 h - a scroll of teleportation {unknown}
Potions
 l - a potion of curing {unknown}
 n - a potion of lignification {unknown}


   Skills:
 + Level 2.5 Fighting
 + Level 2.6 Axes
 - Level 1.0 Throwing
 + Level 2.0 Armour
 - Level 1.7 Dodging
 - Level 2.1 Spellcasting
 + Level 3.3 Translocations


You had 7 spell levels left.
You didn't know any spells.
Your spell library contained the following spells:

 Spells                   Type           Power      Damage    Failure   Level
 Gell's Gravitas          Tloc           10%        N/A       22%         3
 Lesser Beckoning         Tloc           10%        N/A       22%         3
 Teleport Other           Tloc           10%        N/A       22%         3
 Manifold Assault         Tloc           10%        N/A       91%         5
 Blink                    Tloc           Unusable   N/A       N/A         2

Dungeon Overview and Level Annotations

Branches:
Dungeon (2/15)

Altars:
Uskayaw
Wu Jian


Innate Abilities, Weirdness & Mutations

You cannot be hasted, slowed, berserked, paralysed or teleported.
You can dig through walls and to a lower floor.
You have a pair of large antennae on your head. (SInv)
Your four strong arms can wield two-handed weapons with a shield.


Message History

The giant cockroach is almost dead.
The giant cockroach barely misses you.
You hit the giant cockroach but do no damage.
The giant cockroach is almost dead.
The giant cockroach bites you but does no damage. x2
You barely miss the giant cockroach.
The giant cockroach is almost dead.
An adder comes into view.
The giant cockroach bites you but does no damage.
You barely miss the worm. You closely miss the giant cockroach.
The adder hisses angrily.
The giant cockroach closely misses you.
A hobgoblin comes into view.
The worm bites you.
You barely miss the worm.
The hobgoblin shouts!
You hit the giant cockroach but do no damage.
A bat comes into view.
The giant cockroach bites you but does no damage.
The giant cockroach barely misses you.
You hit the worm.
The worm is moderately wounded.
You hit the giant cockroach.
You kill the giant cockroach!
The worm bites you!
You hit the worm.
The worm is heavily wounded.
The bat barely misses you. The worm bites you.
You hit the worm but do no damage.
The worm is moderately wounded.
The bat closely misses you. The worm bites you but does no damage.
You hit the worm.
The worm is severely wounded.
You hit the adder but do no damage. The adder bites you.
You slash the adder!
The adder is heavily wounded.
You hit the worm. The adder barely misses you. The worm bites you!
* * * LOW HITPOINT WARNING * * *
The adder bites you.
You die...

##........ #........
#....... ...... # #.... ♣
.. ##.###.bg .♣..♣
......Sw♣♣♣...♣ ## ♣@.♣..♣
♣ ##. #♣♣♣...♣♣ .. ♣♣##..
#.##.♣..♣..♣..♣ .♣.....
#.....†♣♣♣...♣♣♣...)...
###..♣..♣..♣..♣..♣.#...
#######♣♣♣...♣♣♣...♣♣♣##..
........♣..♣..♣..♣..♣.....
########..♣♣♣...♣♣♣..####.
###.♣..♣..♣†.......


You could see a worm, an adder, a hobgoblin and a bat.

Vanquished Creatures
  An adder (D:2)
  A worm (D:2)
  2 dart slugs
  6 endoplasms
  A giant cockroach (D:2)
  3 goblins (D:1)
  4 hobgoblins
  2 quokkas
  3 ball pythons
  2 bats (D:1)
  6 frilled lizards
  4 rats
35 creatures vanquished.

Vanquished Creatures (others)
  4 plants (D:1)
4 creatures vanquished.

Grand Total: 39 creatures vanquished

Notes
Turn   | Place    | Note
-------+----------+-------------------------------------------
     0 | D:1      | Descartes the Formicid Warper began the quest for the Orb.
     0 | D:1      | Reached XP level 1. HP: 16/16 MP: 3/3
   252 | D:1      | Reached skill level 3 in Translocations
   255 | D:1      | Reached XP level 2. HP: 12/22 MP: 5/5
   450 | D:1      | Found a faded altar of an unknown god.
   453 | D:1      | Prayed at the altar of an unknown god.
   453 | D:1      | Became a worshipper of Uskayaw the Reveller
   453 | D:1      | Reached * piety under Uskayaw
   480 | D:1      | Reached ** piety under Uskayaw
   778 | D:1      | HP: 1/23 [hobgoblin (1)]
  1353 | D:1      | Reached XP level 3. HP: 27/28 MP: 6/6
  2439 | D:2      | Found an ornate altar of the Wu Jian Council.
  2496 | D:2      | Reached XP level 4. HP: 21/34 MP: 7/7
  2780 | D:2      | HP: 1/34 [worm (10)]
  2780 | D:2      | Slain by an adder

Illustrated notes

Levels and vault maps discovered:
D:1:      lemuel_arrival_tunnels, layout_loops_ring, serial_forest,
          infiniplex_forest_end_2, infiniplex_forest_clump_double,
          infiniplex_forest_end_3, infiniplex_forest_lined_1,
          shapermc_ecumenical_altar_mp_vishouse, minmay_box_of_dots
D:2:      minmay_kobold_bridge, layout_loops_ring, basic_altar,
          kennysheep_doodads

Skill      XL: |  1  2  3 |
---------------+----------+-----
Translocations | 3 |  3.3
Armour         | 2 |  2.0
Fighting       | |  2.5
Axes           | |  2.6
Throwing       | |  1.0
Dodging        | |  1.7
Spellcasting   | |  2.1

Action                   |  1- 3 |  4- 6 || total
-------------------------+-------+-------++-------
Melee: Hand axe          |   123 |    23 ||   146
 Stab: Sleeping          |     1 |       ||     1
Armor: Leather armour    |    23 |     8 ||    31
Dodge: Dodged            |    54 |    15 ||    69
